Map: Deathaura LE

Players

RyuKey - Winner!

  • Race: Zerg Zerg
  • League: Diamond
  • Spawn Location: 5:00

Jaykantos

  • Race: Zerg Zerg
  • League: Platinum
  • Spawn Location: 11:00

VOD

Have the link to the VOD?

Description

Time

  • Played on: June 19, 2020, 6:38 a.m.
  • Length: 3:51
Show
View Real Time Build Order
Export as new Build Order

RyuKey Zerg - Winner!

Build Orders: Pool First 

Get SALT Encoding   

  12  0:01  Drone  
  13  0:13  Overlord  
  13  0:20  Drone  
  14  0:31  Drone x2  
  16  0:42  Spawning Pool  
  15  0:49  Drone x2  
  17  1:13  Hatchery  
  16  1:21  Drone  
  16  1:22  Drone x2  
  19  1:31  Queen  
  21  1:37  Extractor  
  21  1:39  Zergling x2  
  21  1:50  Zergling x2  
  22  1:56  Spine Crawler  
  22  1:57  Spine Crawler  
  22  2:00  Spine Crawler  
  18  2:24  Zergling x6  
  17  2:52  Queen  
  17  3:01  Drone x6  
  21  3:17  Drone x2  
  25  3:41  Extractor  
Show
View Real Time Build Order
Export as new Build Order

Jaykantos Zerg 

Build Orders: Pool First 

Get SALT Encoding   

  12  0:24  Spawning Pool  
  11  0:33  Overlord  
  11  1:12  Zergling x6  
  14  1:29  Zergling x2  
  15  1:34  Zergling x2  
  16  1:46  Zergling x2  
  17  2:03  Spine Crawler  
  17  2:05  Spine Crawler  
  17  2:07  Spine Crawler  
  13  2:21  Zergling x2  
  13  2:22  Zergling x4  
  12  2:41  Zergling x2  
  13  2:50  Spine Crawler  
  12  2:56  Zergling x4  
  13  3:28  Drone x3  
  16  3:41  Hatchery  
Tags
 
Add a new tag
Caveats
  • Supply blocks, unpowered buildings, or Contaminate may cause inaccurate times.
  • Supply counts are checked every 10 seconds.